 Dungeon Crawl Stone Soup version 0.19-a0-823-gd955774 (webtiles) character file.

796 FrankyJ the Poker (level 7, -5/59 HPs)
             Began as a Merfolk Gladiator on June 29, 2016.
             Was an Initiate of Makhleb.
             Slain by Grinder (6 damage)
             ... on level 6 of the Dungeon on June 30, 2016.
             The game lasted 00:20:12 (5382 turns).

FrankyJ the Poker (Merfolk Gladiator)               Turns: 5382, Time: 00:20:13

Health: -5/59      AC:  4    Str: 17    XL:     7   Next: 89%
Magic:  7/7        EV: 16    Int:  7    God:    Makhleb [......]
Gold:   264        SH:  0    Dex: 15    Spells: 0 memorised, 6 levels left

rFire  . . .     SeeInvis .     a - +0 trident
rCold  . . .     Gourm    .     b - +0 leather armour
rNeg   . . .     Faith    .     (no shield)
rPois  .         Spirit   .     c - +0 helmet
rElec  .         Dismiss  .     (no cloak)
rCorr  .         Reflect  .     (no gloves)
SustAt .         Harm     .     (no boots)
MR     .....                    (no amulet)
Stlth  ++........               (no ring)
                                (no ring)

@: not resistant to hostile enchantments, unstealthy
A: change form in water, swift swim
a: Renounce Religion


You were on level 6 of the Dungeon.
You worshipped Makhleb.
Makhleb was noncommittal.
You were not hungry.

You visited 2 branches of the dungeon, and saw 7 of its levels.

You collected 264 gold pieces.

Inventory:

Hand Weapons
 a - a +0 trident (weapon)
 e - a +3 dagger of venom
 l - a +2 dagger of freezing
Missiles
 d - 2 throwing nets (quivered)
 n - 15 poisoned needles
Armour
 b - a +0 leather armour (worn)
 c - a +0 helmet (worn)
 v - a +0 pair of gloves
Jewellery
 y - a +4 ring of dexterity {unknown}
Wands
 p - a wand of iceblast (0/15)
Scrolls
 g - 2 scrolls of enchant armour {unknown}
 j - 6 scrolls of identify {unknown}
 k - a scroll of magic mapping {unknown}
 m - a scroll of remove curse {unknown}
 q - a scroll of noise {unknown}
 r - a scroll of fear {unknown}
 s - 2 scrolls of recharging {unknown}
 t - 3 scrolls of teleportation {unknown}
Potions
 h - 2 potions of cancellation
 o - a potion of haste {unknown}
 w - 2 potions of resistance
 A - a potion of agility {unknown}
 C - a potion of flight {unknown}
Books
 u - a book of Alchemy

   Spells                             Type                      Level
   a - Sublimation of Blood           Necromancy                   2
   b - Ignite Poison                  Fire/Transmutation/Poison    3
   c - Petrify                        Transmutation/Earth          4
   d - Alistair's Intoxication        Transmutation/Poison         5
   e - Irradiate                      Conjuration/Transmutation    5
Comestibles
 f - 6 bread rations
 x - a slice of pizza
 z - a meat ration
 B - 3 chunks of flesh


   Skills:
 * Level 6.6 Fighting
 + Level 7.4 Polearms
 - Level 2.0 Throwing
 + Level 6.7 Dodging
 - Level 2.2 Stealth


You had 6 spell levels left.
You didn't know any spells.

Dungeon Overview and Level Annotations

Branches:
Dungeon (6/15)             Temple (1/1) D:4

Altars:
Cheibriados
Dithmenos
Elyvilon
Fedhas
Gozag
Kikubaaqudgha
Makhleb
Nemelex Xobeh
Okawaru
Pakellas
Qazlal
Ru
Sif Muna
Trog
Uskayaw
Vehumet
Xom
Zin
The Shining One

Annotations:
D:3 exclusion: downstairs, Crazy Yiuf
D:4 Trees's ghost, amateur MfSk
D:5 Dowan; Duvessa; Eustachio
D:6 Grinder


Message History

The centaur is almost dead.
The centaur hits you.
* * * LOW HITPOINT WARNING * * *
Grinder blinks!
The centaur misses you.
You hit the centaur.
You kill the centaur!
Makhleb accepts your kill. Grinder gestures at you.
You resist with significant effort.
You completely miss Grinder.
Grinder is severely wounded.
Grinder gestures at you. Pain shoots through your body!
* * * LOW HITPOINT WARNING * * *
You hit Grinder.
Grinder is almost dead.
Grinder hits you.
* * * LOW HITPOINT WARNING * * *
You writhe in agony.
You die...

# ... ..#.####.# #
#.##.#.#....# #
##....#.#.#### #
#.......#.# # #.......#.#
# ..........##### # #
...<##.###.((#
#####...####.# #)#.#######
.............###@#.......#
.######.#####...5#(...##.#
.# #.#######..# .#
#....#...c.#.#. .#
##...#.......... .#
#.#.#c...####.# ##
#.#...#.5# .# #.##..#..#
.# #.##.....[.


You could see Grinder.

Vanquished Creatures
  3 ogres (D:4)
  2 centaurs
  A howler monkey (D:6)
  2 orc priests (D:3)
  2 orc wizards (D:3)
  Jessica (D:3)
  An iguana (D:4)
  Ijyb (D:3)
  A worker ant (D:4)
  3 adders
  An ooze (D:1)
  3 worms
  2 dart slugs
  2 giant geckos (D:1)
  11 orcs
  6 giant cockroaches
  5 hobgoblins
  2 jackals (D:4)
  A quokka (D:4)
  A ball python (D:1)
  10 bats
  A giant gecko zombie (D:6)
  4 giant newts
  13 goblins
  8 kobolds
  9 rats
96 creatures vanquished.

Notes
Turn   | Place    | Note
--------------------------------------------------------------
     0 | D:1      | FrankyJ the Merfolk Gladiator began the quest for the Orb.
     0 | D:1      | Reached XP level 1. HP: 16/16 MP: 1/1
   270 | D:1      | Reached skill level 1 in Stealth
   270 | D:1      | Reached XP level 2. HP: 19/23 MP: 2/2
   479 | D:1      | Reached XP level 3. HP: 23/28 MP: 3/3
  1154 | D:2      | Found a blossoming altar of Fedhas.
  1237 | D:2      | Reached skill level 5 in Polearms
  1316 | D:2      | Found a stormy altar of Qazlal.
  1473 | D:2      | Reached XP level 4. HP: 32/35 MP: 4/4
  1603 | D:2      | Found a white marble altar of Elyvilon.
  2176 | D:3      | Reached XP level 5. HP: 41/41 MP: 5/5
  2198 | D:3      | Noticed a centaur
  2433 | D:3      | Found a runed door.
  2579 | D:3      | Noticed Ijyb
  2590 | D:3      | Killed Ijyb
  2590 | D:3      | Reached skill level 5 in Dodging
  2632 | D:3      | Noticed Jessica
  2653 | D:3      | Killed Jessica
  2804 | D:3      | Reached skill level 6 in Polearms
  2804 | D:3      | Reached XP level 6. HP: 28/49 MP: 6/6
  3199 | D:3      | Reached skill level 5 in Fighting
  3671 | D:3      | Noticed Crazy Yiuf
  3742 | D:4      | Noticed Trees's ghost (amateur MfSk)
  3790 | D:4      | Reached XP level 7. HP: 56/56 MP: 7/7
  4101 | D:4      | Found a staircase to the Ecumenical Temple.
  4107 | Temple   | Entered the Ecumenical Temple
  4349 | Temple   | Became a worshipper of Makhleb the Destroyer
  4641 | D:4      | Reached skill level 7 in Polearms
  4646 | D:4      | Found a hide-covered altar of Uskayaw.
  4977 | D:4      | Noticed a hand axe
  4981 | D:4      | Noticed a hand axe
  5162 | D:5      | Entered Level 5 of the Dungeon
  5192 | D:5      | Noticed Eustachio
  5211 | D:5      | Noticed Dowan
  5212 | D:5      | Noticed Duvessa
  5244 | D:6      | Noticed Grinder
  5357 | D:6      | Paralysed by Grinder for 3 turns
  5382 | D:6      | HP: 1/59 [Grinder (5)]
  5382 | D:6      | Slain by Grinder

Vault maps used:
D:1:      mainiacjoe_arrival_reflecting_pool, kennysheep_nondescript
D:2:      lemuel_coloured_pillars_altar, fedhas_altar_1,
          nicolae_qazlal_general_emergency
D:3:      serial_bayou_pond_a, serial_bayou_pond_a, hex_medium, uniq_iyjb,
          uniq_crazy_yiuf_cottage, uniq_jessica
D:4:      dancing_weapons_uskayaw, first_bread
D:5:      black_bear_nest_1, roderic_roman_lattice, uniq_eustachio,
          uniq_duvessa, uniq_blork_the_orc
D:6:      kennysheep_generic_room_10, uniq_grinder
Temple:   regret_index_temple_generic_petals

Skill      XL: |  1  2  3  4  5  6  7 |
---------------+----------------------+-----
Stealth        | 1 2 |  2.2
Polearms       | 5 6 7 |  7.4
Fighting       | 3 4 5 6 |  6.6
Dodging        | 5 6 |  6.7
Throwing       | |  2.0

Action                   |  1- 3 |  4- 6 |  7- 9 || total
-------------------------+-------+-------+-------++-------
Melee: Trident           |   114 |   176 |    75 ||   365
Throw: Throwing net      |       |       |     3 ||     3
Evoke: Wand              |       |       |     1 ||     1
  Use: Potion            |       |       |     2 ||     2
 Stab: Sleeping          |     5 |     4 |     2 ||    11
       Distracted        |       |     2 |       ||     2
  Eat: Chunk             |     2 |     7 |     5 ||    14
Armor: Leather armour    |    22 |    24 |     5 ||    51
Dodge: Dodged            |    53 |    75 |    28 ||   156
